 Dungeon Crawl Stone Soup version 0.17-a0-1798-g879a7aa (webtiles) character file.

39223 4thArraOfDagon the Severer (level 13, -12/111 HPs)
             Began as a Deep Dwarf Berserker on Sept 10, 2015.
             Was an Elder of Trog.
             Mangled by a deep elf blademaster
             ... wielding a +0 rapier
              (14 damage)
             ... on level 3 of the Elven Halls.
             The game lasted 00:33:14 (5766 turns).

4thArraOfDagon the Severer (Deep Dwarf Berserker)   Turns: 5766, Time: 00:33:14

Health: -12/111    AC: 19    Str: 31    XL:     13   Next: 68%
Magic:  21/21      EV: 14    Int:  8    God:    Trog [****..]
Gold:   1571       SH:  0    Dex: 19    Spells: 0 memorised, 12 levels left

rFire  + . .     SeeInvis .     H - +3 executioner's axe (elec)
rCold  + . .     Rnd*Rage +     F - +1 plate armour {MR+}
rNeg   + . .     SustAt   .     (no shield)
rPois  +         Gourm    .     (no helmet)
rElec  +         Spirit   .     h - +1 cloak
rCorr  +         Warding  .     (no gloves)
rMut   .         Stasis   .     (no boots)
MR     +++..                    z - amulet of rage
Stlth  ..........               t - ring of positive energy
                                m - +5 ring of strength

@: agile, lethally poisoned (-12 -> -26), exhausted, resistant,
non-regenerating, slowed, very slow, extremely resistant to hostile
enchantments, extremely unstealthy
A: damage resistance, recharge devices, talons 1, agile 1, berserk 1, frail 1,
magic resistance 1, sense surroundings 2, slow healing 3
a: Device Recharging, Burn Spellbooks, Berserk, Trog's Hand, Brothers in Arms,
Renounce Religion, Evoke Berserk Rage


You were on level 3 of the Elven Halls.
You worshipped Trog.
Trog was greatly pleased with you.
You were very hungry.

You visited 3 branches of the dungeon, and saw 17 of its levels.
You also visited: Bailey and Ice Cave.

You collected 1571 gold pieces.

Inventory:

Hand weapons
 j - a +0 war axe
 s - a +0 broad axe
 D - a +0 battleaxe
 H - a +3 executioner's axe of electrocution (weapon)
Missiles
 f - 6 javelins (quivered)
Armour
 h - a +1 cloak (worn)
 E - the cursed +0 plate armour of Inaction {rF- rC- rCorr Str+6}
   (You found it in an ice cave)

   It affects your strength (+6).
   It makes you vulnerable to fire.
   It makes you vulnerable to cold.
   It protects you from acid and corrosion.
   It has a curse placed upon it.
 F - a +1 plate armour of magic resistance (worn)
Magical staves
 I - an uncursed staff of death {unknown}
Jewellery
 b - an uncursed ring of protection from fire
 m - a +5 ring of strength (left hand)
 t - a ring of positive energy (right hand)
 z - an amulet of rage (around neck)
Magical devices
 c - a wand of heal wounds (8)
 l - a wand of random effects (1)
 q - a wand of enslavement (7)
Scrolls
 e - 3 scrolls of enchant armour
 k - a scroll of remove curse
 y - 2 scrolls of teleportation
 G - a scroll of noise
 J - a scroll of holy word
 K - 2 scrolls of recharging
Potions
 a - a potion of curing
 L - a potion of brilliance
Books
 g - a book of Maledictions

   Spells                             Type                      Level
   a - Corona                         Hexes                        1
   b - Ensorcelled Hibernation        Hexes/Ice                    2
   c - Confuse                        Hexes                        3
   d - Tukima's Dance                 Hexes                        3
   e - Dazzling Spray                 Conjuration/Hexes            3
   Trog disapproves of the use of such an item.
 i - Mouluh's Papyrus of Air
   (You found it on level 7 of the Dungeon)

   Spells                             Type                      Level
   a - Shock                          Conjuration/Air              1
   b - Repel Missiles                 Charms/Air                   2
   c - Swiftness                      Charms/Air                   2
   d - Summon Lightning Spire         Summoning/Air                4
   e - Silence                        Hexes/Air                    5
   f - Conjure Ball Lightning         Conjuration/Air              6
   Trog disapproves of the use of such an item.
 r - a book of Callings

   Spells                             Type                      Level
   a - Summon Small Mammal            Summoning                    1
   b - Call Imp                       Summoning                    2
   c - Call Canine Familiar           Summoning                    3
   d - Summon Guardian Golem          Hexes/Summoning              3
   e - Summon Lightning Spire         Summoning/Air                4
   f - Summon Ice Beast               Ice/Summoning                4
   Trog disapproves of the use of such an item.
Miscellaneous
 o - a plain deck of defence {the Shaft}
Comestibles
 d - 5 bread rations
 n - 5 meat rations
 p - 5 chunks of flesh
 w - 3 beef jerkies
 B - 2 royal jellies
 C - 4 fruits


   Skills:
 + Level 10.6 Fighting
 * Level 16.5 Axes
 + Level 12.1 Armour
 - Level 2.1 Dodging
 + Level 11.4 Evocations


You had 12 spell levels left.
You didn't know any spells.

Dungeon Overview and Level Annotations

Branches:
Dungeon (10/15)               Orc (4/4) D:10            Elf (3/3) Orc:3
 Temple: D:4-7         Lair: D:8-11

Altars:
Dithmenos
Fedhas
Gozag
Qazlal
The Shining One
Beogh

Shops:
D:8 [=[   D:9 *[   Orc:1 ?%*   Orc:2 !   Orc:4 *:([   Elf:2 (   Elf:3 (


Innate Abilities, Weirdness & Mutations

You are resistant to damage.
You can recharge devices by infusing magical energy.
You passively map the area around you.
You do not heal naturally.
You have sharp toenails.
You are agile. (Dex +2)
You tend to lose your temper in combat.
You are frail (-10% HP).
You are resistant to hostile enchantments.


Message History

The deep elf blademaster hits you but does no damage.
The deep elf blademaster hits you with a rapier of venom.
You are lethally poisoned!
Unknown command.
Tossing away (i - inventory. (,) - cycle):
v - a Fen Folio (quivered)
Press: ? - help, Shift-Dir - straight line, f - deep elf blademaster
Aim: a deep elf blademaster, wielding a rapier and a rapier of venom and wearing a leather armour You toss away a Fen Folio.
The Fen Folio hits the deep elf blademaster but does no damage.
* * * LOW HITPOINT WARNING * * *
You feel extremely sick.
The deep elf blademaster hits you with a rapier!
* * * LOW HITPOINT WARNING * * *
The deep elf blademaster misses you.
The deep elf blademaster hits you with a rapier.
The deep elf blademaster closely misses you.
The deep elf blademaster hits you with a rapier.
* * * LOW HITPOINT WARNING * * *
The deep elf blademaster hits you with a rapier of venom!
You die...

≈#..#...# *, , , , ≈#..#...# , ,
* ≈#..#...# ,, , ,, ≈#..+...# ,
,, , ,* ≈#..#...# * ,, ,, * , ,,
≈#,,#..[# ** ,, ,,, ≈#, #...#* ,
, , , * ≈#,,#...#*, , ### ** , *
≈#, #...# , #@## ,, , ,* ≈# #...#
##e## **, , ,** ≈#,,###'# ##e## *
..* ≈# #...# ##§## * .#* ≈# +...#
##.## .# ≈# #...# ##.## .# ≈#
#...##############e###.######
≈#++##.........#.).......#e......
##...##........#......§.)#.......


You could see a deep elf blademaster, a deep elf annihilator and a deep elf
priest.

Vanquished Creatures
  An orc warlord (Orc:4)
  A deep elf demonologist (Elf:3)
  A deep elf high priest (Elf:3)
  Erolcha (Orc:3)
  3 orc high priests (Orc:4)
  The ghost of emiel the Grappler, an experienced MiTm of Cheibriados (Bailey)
  8 deep elf knights
  8 deep elf summoners
  2 ice statues (IceCv)
  6 orc knights
  3 orc sorcerers (Orc:4)
  7 deep elf conjurers
  A necromancer (IceCv)
  5 deep elf priests
  4 blue devils (IceCv)
  4 trolls (Orc:4)
  A polar bear (shapeshifter) (Elf:3)
  A two-headed ogre (D:10)
  A wyvern (D:8)
  9 yaks
  A steam dragon (D:10)
  16 deep elf fighters
  Grum (D:8)
  4 wolves (D:8)
  14 deep elf magi
  A human (D:10)
  Menkaure (D:7)
  4 wargs
  28 orc warriors
  11 ice beasts
  2 sky beasts
  An eye of draining (D:10)
  3 ogres
  3 centaurs
  A necrophage (D:8)
  2 giant frogs (D:6)
  2 scorpions
  4 wights (D:7)
  3 crimson imps
  An electric eel (Elf:3)
  2 giant frog zombies
  A quasit (D:9)
  22 orc priests
  A centaur skeleton (D:4)
  A hound (D:10)
  An iguana (D:9)
  Jessica (D:2)
  Terence (D:2)
  4 worker ants
  25 orc wizards
  A hound zombie (D:10)
  4 gnolls
  A shadow imp (D:8)
  9 adders
  An adder zombie (D:3)
  A worm (D:4)
  146 orcs
  A ball python (D:4)
  3 bats
  A giant cockroach (D:2)
  3 hobgoblins
  2 quokkas
  A giant gecko skeleton (D:4)
  5 giant newts
  2 goblins
  10 kobolds
  2 fungi (Orc:4)
423 creatures vanquished.

Vanquished Creatures (collateral kills)
  A deep elf fighter (Elf:2)
  An orc (Orc:4)
2 creatures vanquished.

Vanquished Creatures (others)
  A deep elf mage (Elf:3)
  5 fungi (Orc:4)
6 creatures vanquished.

Grand Total: 431 creatures vanquished

Notes
Turn   | Place    | Note
--------------------------------------------------------------
     0 | D:1      | 4thArraOfDagon the Deep Dwarf Berserker began the quest for the Orb.
     0 | D:1      | Reached XP level 1. HP: 20/20 MP: 1/1
   112 | D:2      | Noticed Jessica
   120 | D:2      | Noticed Terence
   122 | D:2      | Killed Jessica
   122 | D:2      | Reached skill level 4 in Axes
   122 | D:2      | Reached XP level 2. HP: 22/28 MP: 2/2
   122 | D:2      | Reached XP level 3. HP: 26/34 MP: 3/3
   132 | D:2      | Killed Terence
   271 | D:3      | Gained mutation: You have sharp toenails. [potion of beneficial mutation]
   293 | D:3      | Reached XP level 4. HP: 24/42 MP: 4/4
   579 | D:4      | Acquired Trog's second power
   586 | D:4      | Reached skill level 5 in Axes
   588 | D:4      | Reached XP level 5. HP: 49/49 MP: 5/5
   680 | D:4      | fker
   759 | D:4      | FUG]
   845 | D:5      | Entered Level 5 of the Dungeon
   889 | D:5      | Found an opulent altar of Gozag.
   889 | D:5      | Found a shadowy altar of Dithmenos.
   931 | D:6      | Reached XP level 6. HP: 57/57 MP: 6/6
   934 | D:6      | Reached skill level 6 in Axes
   943 | D:6      | Found a shadowy altar of Dithmenos.
  1026 | D:7      | Reached XP level 7. HP: 66/66 MP: 7/7
  1064 | D:7      | Identified Mouluh's Papyrus of Air
  1074 | D:7      | Reached skill level 7 in Axes
  1106 | D:7      | Noticed Menkaure
  1128 | D:7      | Killed Menkaure
  1187 | D:7      | Found a glowing golden altar of the Shining One.
  1226 | D:7      | Found a flagged portal.
  1235 | D:7      | Reached skill level 5 in Armour
  1244 | Bailey   | Entered a bailey
  1251 | Bailey   | Noticed emiel's ghost (experienced MiTm)
  1292 | Bailey   | Killed emiel's ghost
  1292 | Bailey   | Reached skill level 5 in Fighting
  1292 | Bailey   | Reached skill level 8 in Axes
  1292 | Bailey   | Reached XP level 8. HP: 39/75 MP: 8/8
  1354 | Bailey   | Reached skill level 9 in Axes
  1412 | Bailey   | Noticed an orc knight
  1412 | Bailey   | Noticed an orc knight
  1433 | Bailey   | Killed an orc knight
  1433 | Bailey   | Gained mutation: You passively map the area around you. [Deep Dwarf growth]
  1433 | Bailey   | Reached XP level 9. HP: 59/82 MP: 9/9
  1437 | Bailey   | Killed an orc knight
  1437 | Bailey   | Reached skill level 10 in Axes
  1449 | Bailey   | Found a bloodstained altar of Trog.
  1460 | Bailey   | gozu ITAMS
  1587 | D:8      | Found a blossoming altar of Fedhas.
  1587 | D:8      | Found Warghyman's Jewellery Shop.
  1593 | D:8      | gozu
  1599 | D:8      | Noticed Grum
  1612 | D:8      | Reached skill level 11 in Axes
  1613 | D:8      | Killed Grum
  1709 | D:8      | Found Goegheb's Armour Emporium.
  1893 | D:9      | Reached skill level 1 in Evocations
  1910 | D:9      | Found Wamugh's General Store.
  1917 | D:9      | Found a stormy altar of Qazlal.
  1984 | D:9      | Reached XP level 10. HP: 77/94 MP: 9/11
  2057 | D:9      | Found Kecy's Antique Armour Shop.
  2103 | D:8      | Found Pamoistre's Antique Armour Emporium.
  2257 | D:10     | Entered Level 10 of the Dungeon
  2273 | D:10     | Gained mutation: You are resistant to hostile enchantments. [mutagenic meat]
  2274 | D:10     | Gained mutation: You are agile. (Dex +2) [mutagenic meat]
  2275 | D:10     | Gained mutation: You are frail (-10% HP). [mutagenic meat]
  2276 | D:10     | Gained mutation: You tend to lose your temper in combat. [mutagenic meat]
  2368 | D:10     | Reached skill level 12 in Axes
  2462 | D:10     | Found a staircase to the Orcish Mines.
  2574 | D:10     | Reached skill level 5 in Evocations
  2643 | D:10     | Found a blossoming altar of Fedhas.
  2663 | Orc:1    | Entered Level 1 of the Orcish Mines
  2665 | Orc:1    | Found Ocoegagg's Food Shop.
  2689 | Orc:1    | Acquired Trog's third power
  2740 | Orc:1    | Found Ystoyb Ohoph's Magic Scroll Shop.
  2776 | Orc:1    | Found Feris's General Store.
  2801 | Orc:1    | Found a frozen archway.
  2819 | Orc:1    | Reached XP level 11. HP: 83/92 MP: 13/15
  2874 | IceCv    | Entered an ice cave
  2944 | IceCv    | Noticed an ice statue
  2944 | IceCv    | Noticed an ice statue
  2948 | IceCv    | Killed an ice statue
  2948 | IceCv    | Reached skill level 13 in Axes
  2993 | IceCv    | Killed an ice statue
  3037 | IceCv    | Noticed a necromancer
  3044 | IceCv    | Killed a necromancer
  3052 | IceCv    | Got a twisted plate armour
  3064 | IceCv    | Identified the cursed +0 plate armour of Inaction {rF- rC- rCorr Str+6} (You found it in an ice cave)
  3065 | IceCv    | :(
  3208 | Orc:2    | Found Wuenasm's Distillery.
  3249 | Orc:2    | Found a roughly hewn altar of Beogh.
  3489 | Orc:3    | Noticed Erolcha
  3508 | Orc:3    | Killed Erolcha
  3576 | Orc:3    | Found a staircase to the Elven Halls.
  3781 | Orc:4    | Entered Level 4 of the Orcish Mines
  3782 | Orc:4    | Noticed an orc high priest
  3789 | Orc:4    | Noticed a soul eater
  3799 | Orc:3    | Reached skill level 10 in Armour
  3843 | Orc:4    | Found Xociog's Antique Armour Boutique.
  3860 | Orc:4    | Killed an orc high priest
  3924 | Orc:4    | Reached skill level 14 in Axes
  4092 | Orc:4    | Found Bingiups's Book Boutique.
  4093 | Orc:4    | Noticed an orc high priest
  4102 | Orc:4    | Killed an orc high priest
  4102 | Orc:4    | Reached XP level 12. HP: 102/102 MP: 18/18
  4218 | Orc:4    | Noticed an orc high priest
  4231 | Orc:4    | Received a gift from Trog
  4232 | Orc:4    | Killed an orc high priest
  4345 | Orc:4    | Found Xicaz's Antique Weapon Emporium.
  4392 | Orc:4    | Found Ycohuona's General Store.
  4393 | Orc:4    | Noticed an orc warlord
  4406 | Orc:4    | Killed an orc warlord
  4406 | Orc:4    | Reached skill level 15 in Axes
  4467 | Orc:4    | Noticed a deep elf summoner
  4476 | Orc:4    | Killed a deep elf summoner
  4652 | Elf:1    | Entered Level 1 of the Elven Halls
  4753 | Elf:1    | Reached skill level 10 in Evocations
  4786 | Elf:1    | Reached skill level 10 in Fighting
  4793 | Elf:1    | Reached XP level 13. HP: 60/110 MP: 20/20
  4837 | Elf:3    | Entered Level 3 of the Elven Halls
  4847 | Elf:3    | Found Caprogavouw's Weapon Boutique.
  4972 | Elf:2    | Found Siaj's Weapon Shoppe.
  5142 | Elf:1    | Reached skill level 16 in Axes
  5220 | Elf:2    | HP: 6/166 [something (9)]
  5516 | Elf:3    | Noticed a deep elf demonologist
  5517 | Elf:3    | Noticed an Executioner
  5521 | Elf:3    | Killed a deep elf demonologist
  5739 | Elf:3    | Noticed a deep elf annihilator
  5742 | Elf:3    | Noticed a deep elf annihilator
  5749 | Elf:3    | Noticed a deep elf blademaster
  5762 | Elf:3    | Noticed a deep elf annihilator
  5766 | Elf:3    | HP: 3/111 [deep elf blademaster/rapier (11)]
  5766 | Elf:3    | Mangled by a deep elf blademaster

Vault maps used:
D:1:      lightli_arrival_statue_moat
D:2:      first_bread, uniq_jessica, uniq_terence
D:4:      serial_forest, infiniplex_forest_end_2, infiniplex_forest_clump_small,
          infiniplex_forest_corner_1, infiniplex_forest_corner_1,
          infiniplex_forest_clump_double, infiniplex_forest_straight_3,
          infiniplex_forest_lined_3, infiniplex_forest_end_2,
          infiniplex_forest_fountain, uniq_robin, uniq_edmund
D:5:      grunt_temple_overflow_open, basic_altar
D:6:      minmay_temple_entry_fiery, basic_altar, minmay_misc_feat_room,
          serial_bayou_pond_d
D:7:      lemuel_crystal_altar, kennysheep_mini_moat, enter_bailey_2,
          uniq_menkaure
D:8:      serial_shops, nicolae_shop_temple_entry_statues_fountains, shop, shop,
          basic_altar, uniq_grum
D:9:      lemuel_coloured_pillars_altar, lemuel_doored_altar,
          nicolae_qazlal_general_emergency, serial_shops,
          nicolae_shop_waterfront, kennysheep_mini, shop, uniq_psyche
D:10:     orc_0_dummy, hangedman_stone_soup, fedhas_bush_and_centaur_altar
Orc:1:    portal_ice_cave_entry_ice_beasts, serial_shops,
          nicolae_shop_window_shopping, shop, nicolae_shop_trees
Orc:2:    serial_shops, nicolae_shop_crystal, mines2_david
Orc:3:    nicolae_orc_pool_cavern, uniq_erolcha
Orc:4:    grunt_orc_gardens, grunt_orc_garden, grunt_orc_garden,
          grunt_orc_garden, grunt_orc_garden, elves_outpost_lemuel
Elf:1:    serial_shops, shop, minmay_elf_necromancy, minivault_11, minivault_27,
          abandoned_shop
Elf:2:    serial_shops, shop_fountains, nicolae_elf_glass_and_crystal_pillar_2,
          lemuel_elevator, uniq_nikola
Elf:3:    minmay_elf_hall_four_x, serial_shops, shop
Bailey:   bailey_axe_3, bailey
IceCv:    ice_cave_tombish

Action                   |  1- 3 |  4- 6 |  7- 9 | 10-12 | 13-15 || total
-------------------------+-------+-------+-------+-------+-------++-------
Melee: Hand axe          |    34 |    77 |    67 |       |       ||   178
       War axe           |       |       |    24 |       |       ||    24
       Broad axe         |       |       |    57 |   435 |       ||   492
       Executioner's axe |       |       |       |   117 |   138 ||   255
Invok: Berserk           |     2 |     4 |     9 |    26 |     5 ||    46
       Trog's Hand       |       |       |    15 |    33 |    18 ||    66
       Brothers in Arms  |       |       |       |     1 |     2 ||     3
Evoke: Wand              |       |     1 |     2 |       |    21 ||    24
  Use: Potion            |     2 |     3 |     2 |       |     4 ||    11
       Scroll            |       |     5 |     5 |     7 |     3 ||    20
  Eat: Beef jerky        |       |     1 |       |       |       ||     1
       Chunk             |       |     4 |     9 |    51 |    13 ||    77
       Bread ration      |       |       |     1 |       |       ||     1
       Pizza             |       |       |     1 |       |       ||     1
